 Dungeon Crawl Stone Soup version 0.23-a0-729-g94ec0301e6 (webtiles) character file.

16580 Esekla the Nimble (level 12, -8/78 HPs)
             Began as a Vampire Enchanter on Jan 17, 2019.
             Was an Elder of Vehumet.
             Splashed by an oklob plant's acid (12 damage)
             ... on level 3 of the Lair of Beasts.
             The game lasted 03:19:35 (15597 turns).

Esekla the Nimble (Vampire Enchanter)              Turns: 15597, Time: 03:19:35

Health: -8/78      AC: 11    Str:  7    XL:     12   Next: 11%
Magic:  7/25       EV: 33    Int: 22    God:    Vehumet [****..]
Gold:   864        SH:  0    Dex: 18    Spells: 3/26 levels left

rFire    . . .     SeeInvis +   y - +4 dagger
rCold    . . .     Gourm    .   (no shield)
rNeg     + . .     Faith    .   g - +4 troll leather armour
rPois    .         Spirit   .   n - +0 helmet
rElec    .         Reflect  .   (no cloak)
rCorr    .         Harm     .   l - +2 pair of gloves
MR       +....                  (no boots)
Stlth    ++++......             v - amulet of the acrobat
HPRegen  1.63/turn              c - +3 ring of intelligence
MPRegen  0.19/turn              A - +3 ring of protection

@: corroded, acrobat, very slightly contaminated, regenerating
A: fangs 3, see invisible, blink, high mp 1, wild magic 1, unbreathing
a: Bat Form, Blink, Renounce Religion


You were on level 3 of the Lair of Beasts.
You worshipped Vehumet.
Vehumet was greatly pleased with you.
You were not thirsty.

You visited 3 branches of the dungeon, and saw 15 of its levels.

You collected 864 gold pieces.

Inventory:

Hand Weapons
 m - a +1 shortbow of freezing
 y - a +4 dagger (weapon)
Missiles
 a - 5 tomahawks (quivered)
 p - 58 arrows
Armour
 g - a +4 troll leather armour (worn)
 l - a +2 pair of gloves (worn)
 n - a +0 helmet (worn)
Jewellery
 c - a +3 ring of intelligence (left hand)
 v - an amulet of the acrobat (around neck)
 A - a +3 ring of protection (right hand)
 C - an uncursed ring of resist corrosion
Scrolls
 e - 9 scrolls of remove curse
 f - 6 scrolls of teleportation
 q - 3 scrolls of magic mapping
 u - 2 scrolls of enchant weapon
 w - a scroll of noise {unknown}
 x - a scroll of fog
Potions
 b - a potion of flight
 d - 34 potions of blood
 h - a potion of mutation
 i - 2 potions of haste
 j - 4 potions of curing
 k - a potion of invisibility
 o - a potion of lignification
 r - a potion of berserk rage
 s - a potion of ambrosia
 t - 5 potions of brilliance
 z - a potion of might
 B - a potion of agility {unknown}


   Skills:
 + Level 1.7 Fighting
 + Level 9.3 Short Blades
 - Level 2.0 Armour
 + Level 9.5 Dodging
 - Level 9.0 Stealth
 + Level 7.5 Spellcasting
 + Level 5.5 Conjurations
 - Level 8.0 Hexes
 + Level 4.6 Charms
 + Level 4.9 Necromancy
 + Level 3.2 Translocations
 * Level 3.4 Air Magic
 * Level 2.9 Poison Magic


You had 3 spell levels left.
You knew the following spells:

 Your Spells              Type           Power        Failure   Level  Hunger
a - Corona                Hex            ######.      1%          1    None
b - Tukima's Dance        Hex            ######..     2%          3    None
c - Confuse               Hex            ######..     2%          3    None
d - Dazzling Spray        Conj/Hex       #####.       1%          3    None
e - Searing Ray           Conj           #####.       1%          2    None
f - Apportation           Tloc           ####..       5%          1    None
g - Regeneration          Chrm/Necr      #####.....   8%          3    None
h - Mephitic Cloud        Conj/Pois/Air  ####....     3%          3    None
i - Force Lance           Conj/Tloc      #####...     7%          4    ###....

Your spell library contained the following spells:

 Spells                   Type           Power        Failure   Level  Hunger
 Lee's Rapid Deconstruct  Erth           ##........   65%         5    #####..
 Confusing Touch          Hex            ######       1%          1    None
 Magic Dart               Conj           ####         1%          1    None
 Animate Skeleton         Necr           N/A          3%          1    None
 Pain                     Necr           ####         3%          1    None
 Ensorcelled Hibernation  Hex/Ice        ####..       5%          2    None
 Vampiric Draining        Necr           #####.....   8%          3    None
 Gell's Gravitas          Tloc           ####......   13%         3    None
 Summon Butterflies       Summ           ##......     17%         1    None
 Summon Small Mammal      Summ           ##..         17%         1    None
 Call Canine Familiar     Summ           ##......     43%         3    None
 Fulminant Prism          Conj/Hex       #####.....   3%          4    ###....
 Iskenderun's Mystic Bla  Conj           #####...     4%          4    ###....
 Yara's Violent Unravell  Hex/Tmut       ####......   21%         5    #####..
 Animate Dead             Necr           N/A          22%         4    ###....
 Metabolic Englaciation   Hex/Ice        ####......   61%         5    #####..
 Summon Mana Viper        Hex/Summ       ####....     61%         5    #####..
 Petrify                  Tmut/Erth      ##......     82%         4    ###....
 Summon Ice Beast         Ice/Summ       ##......     82%         4    ###....
 Summon Hydra             Summ           ##........   100%        7    #######


Dungeon Overview and Level Annotations

Branches:
Dungeon (11/15)            Temple (1/1) D:5            Lair (3/6) D:9
 Shoals (0/4) Lair:2          Orc (0/2) D:9
  Snake: Lair:2-4    Spider: Lair:2-4

Altars:
Ashenzari
Cheibriados
Dithmenos
Elyvilon
Fedhas
Gozag
Hepliaklqana
Nemelex Xobeh
Okawaru
Qazlal
Sif Muna
Trog
Vehumet
Wu Jian
Xom
Zin

Annotations:
Lair:3 exclusion: oklob plant


Innate Abilities, Weirdness & Mutations

You have razor-sharp teeth.
You have supernaturally acute eyesight. (SInv)
You can survive without breathing.
You can translocate small distances at will.
You have an increased reservoir of magic. (+10% MP)
Your spells are a little harder to cast, but a little more powerful.


Message History

Aim: an oklob plant (moderately damaged)
The searing ray hits the oklob plant.
The oklob plant is almost destroyed. (Press . to maintain the ray.)
The oklob plant spits acid at you. The splash of acid hits you!
* * * LOW HITPOINT WARNING * * *
You are splashed with acid!
The acid burns!
* * * LOW HITPOINT WARNING * * *
The searing ray hits the oklob plant.
The oklob plant is almost destroyed.
The searing ray hits the oklob plant.
You destroy the oklob plant!
Vehumet accepts your kill.
You feel your power returning. The oklob plant spits acid at you.
The splash of acid hits you!
* * * LOW HITPOINT WARNING * * *
You are splashed with acid!
The acid burns!
You die...

#### .P##### ##
#####.....###. .#
##P#.P......... ##
######.PP...@P.PP..P .#
#.#.#..P.P..P....P.P
.#####........P##..P####
.##P#.#...%..P..###.P#
.#....#.######### ###
........# ### ###### ##
....##..# ##.# ##..#.#
#. ##.###### ##..###
#..#..### ## ###
##.#.#P## #..##.#P####.


You could see an oklob plant.

Vanquished Creatures
  A hydra (D:10)
  Harold (Lair:1)
  An unseen horror (D:10)
  The ghost of lilly the Basher, a novice MiMo (D:7)
  2 oklob plants (Lair:3)
  Joseph (D:8)
  2 black mambas
  2 centaur zombies
  A torpor snail (Lair:2)
  The ghost of PeterQ the Sneak, a novice DsEn of Uskayaw (D:5)
  3 komodo dragons
  A troll (D:7)
  A hornet (D:10)
  2 dream sheep (D:10)
  3 hippogriffs
  15 yaks
  Eustachio (D:6)
  A wyvern (D:10)
  2 hungry ghosts
  6 water moccasins
  4 porcupines
  5 ice beasts
  A sky beast (D:8)
  An eye of draining (D:8)
  3 orc warriors
  4 ogres
  A phantom (D:8)
  A necrophage (D:5)
  4 wolves (Lair:3)
  6 centaurs
  4 crocodiles
  3 big kobolds (D:10)
  13 bullfrogs
  3 scorpions
  3 killer bees (D:8)
  2 howler monkeys (D:10)
  7 crimson imps
  3 hounds
  A jelly (D:10)
  4 orc priests
  A bullfrog skeleton (D:4)
  4 iguanas
  10 orc wizards
  9 worker ants
  2 hell rats (Lair:1)
  A hound skeleton (D:6)
  A worker ant zombie (D:8)
  Robin (D:2)
  3 gnolls (D:7)
  A howler monkey skeleton (D:4)
  10 adders
  11 river rats (Lair:1)
  2 oozes
  4 worms (D:2)
  A dart slug (D:2)
  5 leopard geckos
  24 orcs
  3 ball pythons
  9 bats
  5 giant cockroaches
  11 goblins
  12 hobgoblins
  14 jackals
  2 kobolds
  4 quokkas
  6 frilled lizards
  A leopard gecko skeleton (D:5)
  A quokka skeleton (D:5)
  A quokka zombie (D:7)
  8 rats
  A fungus (Lair:3)
289 creatures vanquished.

Vanquished Creatures (collateral kills)
  A two-headed ogre (D:10)
  An ogre (D:5)
  A kobold (D:2)
3 creatures vanquished.

Vanquished Creatures (others)
  A dancing weapon (D:4)
  An orc (D:5)
  2 plants
4 creatures vanquished.

Grand Total: 296 creatures vanquished

Notes
Turn   | Place    | Note
-------+----------+-------------------------------------------
     0 | D:1      | Esekla the Vampire Enchanter began the quest for the Orb.
     0 | D:1      | Reached XP level 1. HP: 13/13 MP: 3/3
   109 | D:1      | Reached XP level 2. HP: 19/19 MP: 5/5
   771 | D:2      | Reached XP level 3. HP: 17/24 MP: 2/6
   892 | D:2      | Learned a level 3 spell: Tukima's Dance
   967 | D:3      | Found a faded altar of an unknown god.
   982 | D:3      | Noticed a bullfrog
  1878 | D:2      | You fall through a shaft for 2 floors!
  1885 | D:4      | Reached XP level 4. HP: 31/31 MP: 7/7
  2010 | D:2      | Learned a level 3 spell: Confuse
  2309 | D:2      | Noticed Robin
  2561 | D:2      | Killed Robin
  2780 | D:2      | Reached skill level 1 in Fighting
  2780 | D:2      | Reached XP level 5. HP: 26/37 MP: 6/8
  3727 | D:2      | Reached skill level 5 in Stealth
  3727 | D:2      | Reached skill level 5 in Hexes
  4300 | D:3      | Found an ornate altar of the Wu Jian Council.
  4300 | D:3      | Found a deep blue altar of Sif Muna.
  4501 | D:4      | Reached XP level 6. HP: 43/43 MP: 8/10
  4545 | D:4      | Found a radiant altar of Vehumet.
  4550 | D:4      | Became a worshipper of Vehumet
  4966 | D:4      | Learned a level 3 spell: Dazzling Spray
  4988 | D:5      | Entered Level 5 of the Dungeon
  4988 | D:5      | Found a staircase to the Ecumenical Temple.
  5016 | D:5      | Identified the cursed +1 great mace of the Shrike {freeze,
                  | *Noise rPois Int+2}
  5017 | D:5      | Noticed PeterQ's ghost (novice DsEn)
  5018 | D:5      | Found a transporter.
  5018 | D:5      | Found a transporter.
  5076 | Temple   | Entered the Ecumenical Temple
  5752 | D:4      | Found a blossoming altar of Fedhas.
  5844 | D:3      | HP: 2/43 [poisoned by a worker ant]
  5850 | D:3      | HP: 2/43 [poisoned by a worker ant]
  6118 | D:2      | Reached XP level 7. HP: 12/48 MP: 7/11
  6235 | D:4      | Learned a level 2 spell: Searing Ray
  6263 | D:4      | Gained mutation: You passively map a small area around you.
                  | [potion of mutation]
  6263 | D:4      | Gained mutation: Armour fits poorly on your strangely
                  | shaped body. [potion of mutation]
  6263 | D:4      | Gained mutation: You have an increased reservoir of magic.
                  | (+10% MP) [potion of mutation]
  6264 | D:4      | Lost mutation: Armour fits poorly on your strangely shaped
                  | body. [potion of mutation]
  6264 | D:4      | Lost mutation: You passively map a small area around you.
                  | [potion of mutation]
  6264 | D:4      | Gained mutation: You can translocate small distances at
                  | will. [potion of mutation]
  6264 | D:4      | Gained mutation: Your spells are a little harder to cast,
                  | but a little more powerful. [potion of mutation]
  6994 | D:6      | Reached skill level 1 in Conjurations
  7064 | D:6      | Reached skill level 5 in Short Blades
  7158 | D:7      | Noticed a hungry ghost
  7231 | D:6      | Found a hazy altar of Hepliaklqana.
  7280 | D:6      | Reached XP level 8. HP: 51/54 MP: 10/14
  7312 | D:6      | Found a glowing silver altar of Zin.
  7417 | D:6      | Noticed Eustachio
  7483 | D:6      | Killed Eustachio
  7483 | D:6      | Reached skill level 5 in Dodging
  7544 | D:7      | Noticed a troll
  7556 | D:7      | Killed a troll
  7605 | D:7      | Found a runed door.
  7606 | D:7      | Noticed lilly's ghost (novice MiMo)
  7649 | D:7      | Found a stormy altar of Qazlal.
  7759 | D:7      | Reached * piety under Vehumet
  7759 | D:7      | Offered knowledge of Flame Tongue by Vehumet.
  8059 | D:8      | Reached XP level 9. HP: 59/59 MP: 1/16
  8095 | D:8      | Found a white marble altar of Elyvilon.
  8095 | D:8      | Found a blossoming altar of Fedhas.
  8097 | D:8      | Found a shattered altar of Ashenzari.
  8419 | D:7      | Reached skill level 1 in Armour
  8818 | D:5      | Reached ** piety under Vehumet
  8818 | D:5      | Offered knowledge of Freeze by Vehumet.
  9029 | D:5      | Killed PeterQ's ghost
  9109 | D:8      | Learned a level 1 spell: Apportation
  9113 | D:8      | Learned a level 3 spell: Regeneration
  9127 | D:8      | Found a bloodstained altar of Trog.
  9129 | D:8      | Found a snail-covered altar of Cheibriados.
  9332 | D:10     | Entered Level 10 of the Dungeon
  9344 | D:10     | Noticed a two-headed ogre
  9378 | D:9      | Reached skill level 5 in Spellcasting
  9439 | D:9      | Reached skill level 1 in Charms
  9439 | D:9      | Reached skill level 1 in Necromancy
  9439 | D:9      | Reached skill level 1 in Translocations
  9526 | D:9      | Found a staircase to the Lair.
  9527 | D:9      | Noticed a komodo dragon
  9595 | D:9      | Killed a komodo dragon
  9595 | D:9      | Reached XP level 10. HP: 30/65 MP: 4/19
  9626 | D:9      | Found a staircase to the Orcish Mines.
 10521 | D:10     | Found a shimmering altar of Xom.
 10523 | D:10     | Found a sparkling altar of Nemelex Xobeh.
 10523 | D:10     | Found a sparkling altar of Nemelex Xobeh.
 10525 | D:10     | Found an opulent altar of Gozag.
 10525 | D:10     | Found a blossoming altar of Fedhas.
 10525 | D:10     | Found a shimmering altar of Xom.
 10664 | D:10     | Noticed an unseen horror
 10713 | D:10     | Killed an unseen horror
 10779 | D:10     | Killed a two-headed ogre
 11058 | D:11     | Noticed a two-headed ogre
 11076 | D:11     | Offered knowledge of Mephitic Cloud by Vehumet.
 11093 | D:10     | Learned a level 3 spell: Mephitic Cloud
 11261 | D:10     | Noticed a three-headed hydra
 11359 | D:10     | Killed a three-headed hydra
 11359 | D:10     | Reached XP level 11. HP: 66/70 MP: 16/23
 11590 | D:9      | Found a shadowy altar of Dithmenos.
 11590 | D:9      | Found an iron altar of Okawaru.
 11690 | D:8      | Reached *** piety under Vehumet
 11797 | D:8      | Noticed Joseph
 11800 | D:8      | Killed Joseph
 11800 | D:8      | Reached skill level 5 in Conjurations
 12407 | D:7      | Killed lilly's ghost
 12407 | D:7      | Reached skill level 1 in Poison Magic
 12549 | Lair:1   | Entered Level 1 of the Lair of Beasts
 12653 | Lair:1   | HP: 2/70 [komodo dragon (19)]
 13272 | Lair:1   | Reached skill level 1 in Air Magic
 13348 | Lair:1   | Offered knowledge of Ignite Poison by Vehumet.
 13474 | Lair:1   | Noticed Harold
 13500 | Lair:1   | Killed Harold
 14032 | Lair:1   | Learned a level 4 spell: Force Lance
 14103 | Lair:2   | Found a staircase to the Shoals.
 14285 | Lair:2   | Reached **** piety under Vehumet
 14321 | Lair:2   | Offered knowledge of Lee's Rapid Deconstruction by Vehumet.
 14872 | Lair:3   | Noticed an oklob plant
 14873 | Lair:3   | Killed an oklob plant
 14969 | Lair:3   | Reached XP level 12. HP: 77/77 MP: 25/25
 15597 | Lair:3   | Splashed by an oklob plant's acid

Vault maps used:
D:1:      eino_arrival_druids_welcome
D:2:      minmay_chambers_of_twos, first_ration, corexii_shack,
          hangedman_decor_riveting, uniq_robin
D:3:      gammafunk_temple_overflow_statue, chequers_ecumenical_altar_simple
D:4:      vehumet_crystals, fedhas_altar_2
D:5:      minmay_temple_entry_offerings, gammafunk_ghost_smash
D:6:      zin_statuary, kennysheep_mini_moat, uniq_eustachio
D:7:      nicolae_qazlal_eye_of_the_storm, ebering_ghost_reflecting_pool
D:8:      nicolae_overflow_hidden_temple, uniq_joseph
D:9:      amethyst_overflow_temple_binary, david_lair_shrubbed, orc_0_dummy
D:10:     corexii_hall_statues_deadend, hangedman_ranch, grunt_ministairs_2,
          doesnt_xom_only_xom
D:11:     enter_trove_2, serial_shops, nicolae_shop_waterfront
Temple:   jpeg_temple_island
Lair:1:   chequers_serial_rivers_room_b, kennysheep_rathole, uniq_harold
Lair:2:   minmay_shoals_entry_centaurs
Lair:3:   minmay_lair_oklob_tunnel

Skill      XL: |  1  2  3  4  5  6  7  8  9 10 11 |
---------------+----------------------------------+-----
Short Blades   | 2 3 4 5 6 7 8 9 |  9.3
Dodging        | 3 4 5 6 7 9 |  9.5
Fighting       | 1 |  1.7
Stealth        | 5 6 7 9 |  9.0
Hexes          | 5 6 7 8 |  8.0
Spellcasting   | 3 4 5 6 7 |  7.5
Conjurations   | 2 3 4 5 |  5.5
Armour         | 2 |  2.0
Charms         | 1 4 |  4.6
Necromancy     | 1 4 |  4.9
Translocations | 1 3 |  3.2
Poison Magic   | 2 |  2.9
Air Magic      | 3 |  3.4

Action                   |  1- 3 |  4- 6 |  7- 9 | 10-12 || total
-------------------------+-------+-------+-------+-------++-------
Melee: Dagger            |   130 |   336 |   417 |   630 ||  1513
       Bite              |    11 |    27 |    42 |    62 ||   142
 Cast: Corona            |    16 |    41 |    12 |     3 ||    72
       Confuse           |       |     8 |     4 |       ||    12
       Tukima's Dance    |       |     3 |     1 |     1 ||     5
       Dazzling Spray    |       |     4 |    26 |    81 ||   111
       Searing Ray       |       |       |    14 |    24 ||    38
       Regeneration      |       |       |     2 |    15 ||    17
       Mephitic Cloud    |       |       |       |     2 ||     2
 Abil: Bat Form          |     1 |     8 |     5 |     3 ||    17
       End Transformatio |     1 |     7 |     5 |     3 ||    16
  Use: Potion            |     6 |    19 |     8 |    18 ||    51
       Scroll            |       |     1 |     8 |    17 ||    26
 Stab: Sleeping          |    14 |    11 |    19 |    20 ||    64
       Distracted        |       |     2 |     1 |     1 ||     4
       Invisible         |       |     2 |    17 |    30 ||    49
       Confused          |       |     2 |     2 |     8 ||    12
Armor: Robe              |    15 |    72 |    18 |       ||   105
       Troll leather arm |       |       |    71 |   133 ||   204
Dodge: Dodged            |    66 |   237 |   261 |   507 ||  1071

Table legend:
 A = Non-vault XP
 B = Vault XP
 C = Vault XP percentage of total XP
 D = Non-vault monster count
 E = Vault monster count
 F = Vault count percentage of total count
                 A         B        C        D         E       F
            +---------+---------+-------+---------+---------+-------
      Total |   16625 |    7061 |  29.8 |     241 |      50 |  17.2
            +---------+---------+-------+---------+---------+-------
        D:1 |      36 |       0 |   0.0 |      18 |       0 |   0.0
        D:2 |     217 |      48 |  18.1 |      30 |      15 |  33.3
        D:3 |      22 |       0 |   0.0 |      12 |       0 |   0.0
        D:4 |     281 |       0 |   0.0 |      14 |       0 |   0.0
        D:5 |     953 |     437 |  31.4 |      24 |       2 |   7.7
        D:6 |     728 |     196 |  21.2 |      13 |       1 |   7.1
        D:7 |    1048 |     643 |  38.0 |      24 |       1 |   4.0
        D:8 |    1515 |     481 |  24.1 |      28 |       1 |   3.4
        D:9 |    1098 |     361 |  24.7 |       8 |       1 |  11.1
       D:10 |    2908 |    2701 |  48.2 |      23 |       9 |  28.1
       D:11 |     432 |       0 |   0.0 |       8 |       0 |   0.0
     Lair:1 |    2989 |    1168 |  28.1 |      16 |      15 |  48.4
     Lair:2 |    2463 |     339 |  12.1 |      13 |       3 |  18.8
     Lair:3 |    1935 |     687 |  26.2 |      10 |       2 |  16.7
            +---------+---------+-------+---------+---------+-------
